Map: Persephone LE

Players

Cure

  • Race: Terran Terran
  • Spawn Location: 7:00

herO - Winner!

  • Race: Protoss Protoss
  • Spawn Location: 11:00

VOD

Have the link to the VOD?

Description

Time

  • Played on: May 16, 2025, 7:32 a.m.
  • Length: 15:21
Show
View Real Time Build Order
Export as new Build Order

Cure Terran 

Build Orders: Banshee Rush 

Get SALT Encoding   

  12  0:00  SCV  
  13  0:12  SCV  
  14  0:17  Supply Depot  
  14  0:24  SCV  
  15  0:38  SCV  
  15  0:39  Barracks  
  16  0:43  Refinery  
  16  0:50  SCV  
  16  0:53  Refinery  
  17  1:02  SCV  
  18  1:14  SCV  
  19  1:26  Barracks Reactor  
  19  1:27  Orbital Command  
  19  1:29  Supply Depot  
  19  1:43  Factory  
  19  1:52  SCV  
  20  2:03  Reaper  
  20  2:04  SCV  
  20  2:06  Reaper  
  24  2:27  Command Center  
  23  2:31  Hellion  
  25  2:38  Reaper x2  
  25  2:41  SCV  
  28  2:48  Supply Depot  
  28  2:53  Hellion  
  28  2:54  SCV  
  31  3:08  Starport  
  31  3:10  SCV  
  32  3:15  Factory Tech Lab  
  32  3:18  Marine  
  32  3:19  Marine  
  34  3:22  SCV  
  35  3:34  SCV  
  35  3:37  Marine  
  37  3:41  Orbital Command  
  37  3:42  Factory Tech Lab  
  37  3:46  SCV  
  38  3:50  Marine  
  38  3:53  Cloaking Field, Banshee  
  38  3:55  Marine  
  43  4:00  SCV  
  42  4:04  Supply Depot  
  42  4:09  SCV  
  43  4:12  SCV  
  43  4:14  Siege Tank  
  47  4:18  Supply Depot  
  47  4:19  Marine x2  
  47  4:22  SCV  
  51  4:24  SCV  
  51  4:31  Barracks  
  51  4:34  SCV  
  51  4:36  Banshee, SCV  
  56  4:39  Marine x2  
  56  4:42  Supply Depot  
  58  4:46  SCV  
  58  4:48  SCV  
  60  4:58  Barracks  
  58  5:00  Siege Tank  
  58  5:01  SCV x2  
  58  5:06  Supply Depot, Refinery  
  63  5:07  Marine x2  
  63  5:13  SCV x2  
  67  5:15  Engineering Bay  
  67  5:25  SCV x2  
  69  5:29  Starport Reactor, Marine x3  
  69  5:30  Stimpack  
  72  5:37  SCV x2  
  72  5:39  Refinery  
  72  5:40  Supply Depot  
  72  5:42  Supply Depot  
  74  5:46  Factory Reactor  
  74  5:49  SCV x2  
  76  5:50  Terran Infantry Weapons Level 1  
  76  5:55  Marauder, Marine x2  
  76  5:56  Marauder  
  82  6:01  SCV x2  
  80  6:08  Medivac  
  82  6:14  Command Center  
  82  6:18  Marine x2  
  82  6:19  Marauder x2  
  82  6:24  Medivac  
  90  6:31  SCV  
  90  6:32  SCV  
  92  6:33  Supply Depot  
  92  6:36  Marine x2, Combat Shield  
  94  6:40  Marauder x2  
  98  6:49  Barracks  
  98  6:50  Barracks, Supply Depot  
  98  6:57  Medivac  
  98  6:58  Medivac  
  98  6:59  Marine x2  
  104  7:01  Marauder  
  104  7:04  Widow Mine x2  
  104  7:07  Supply Depot  
  110  7:12  Marauder, SCV x2  
  114  7:17  Marine  
  114  7:18  Marine  
  116  7:23  Marauder  
  116  7:26  SCV x2  
  120  7:34  Marauder  
  120  7:35  Marine x2  
  120  7:36  Medivac x2  
  125  7:41  Widow Mine x2  
  125  7:42  Barracks Tech Lab  
  128  7:44  Marauder  
  128  7:46  SCV x2  
  132  7:52  Marine  
  132  7:55  Marauder, Barracks Tech Lab  
  132  7:56  Barracks Reactor  
  132  7:58  SCV x2  
  137  8:00  Supply Depot  
  137  8:01  Terran Infantry Armor Level 1  
  139  8:06  Marauder  
  139  8:09  Orbital Command  
  133  8:16  Marauder  
  133  8:19  Marauder, Marine x2  
  133  8:23  SCV x2  
  127  8:27  Marauder  
  121  8:35  Marine x2  
  121  8:37  Marine x2  
  121  8:38  Marauder, Medivac, Widow Mine x2  
  121  8:39  SCV x2  
  121  8:40  Marauder  
  127  8:48  Marauder  
  127  8:53  Marine  
  127  8:54  Concussive Shells, Marine x2  
  120  8:59  Marauder  
  120  9:01  Viking  
  124  9:06  Marauder, Marine  
  124  9:08  Viking  
  131  9:10  Marauder, Armory  
  131  9:11  Engineering Bay, Marine x2  
  131  9:12  Marine  
  134  9:18  Widow Mine x2  
  134  9:21  Marauder  
  140  9:26  Marine  
  140  9:27  Marauder  
  140  9:28  Marine  
  140  9:29  Marine  
  140  9:30  Marine  
  148  9:31  Marauder, Refinery, Supply Depot  
  148  9:32  Refinery, Supply Depot  
  141  9:42  Marauder  
  141  9:45  Marine  
  133  9:46  Marine  
  133  9:47  Viking, Marine  
  133  9:48  Marauder, Marine  
  133  9:52  Marauder  
  133  9:53  Viking  
  133  9:54  Widow Mine  
  133  9:55  Widow Mine  
  138  10:03  Marauder, Marine  
  138  10:04  Marine  
  138  10:05  Marine  
  138  10:06  Marine  
  137  10:07  Terran Infantry Weapons Level 2  
  137  10:10  Marauder  
  137  10:11  Terran Infantry Armor Level 2  
  141  10:14  Marauder  
  141  10:17  SCV x3  
  141  10:18  Medivac  
  146  10:23  Medivac  
  146  10:25  Marauder, Marine  
  147  10:31  Marauder, Marine  
  150  10:35  Marauder  
  150  10:37  Marine x2  
  134  10:43  Marine  
  134  10:46  Marauder  
  134  10:48  Medivac  
  139  10:50  Widow Mine x2  
  139  10:52  Marauder  
  139  10:53  Medivac  
  139  10:54  Ghost Academy  
  138  11:01  Marauder, Marine x4  
  140  11:07  Marauder  
  140  11:09  Starport  
  136  11:14  Marauder  
  138  11:20  Viking  
  138  11:22  Barracks  
  138  11:24  Barracks  
  140  11:27  Barracks  
  140  11:28  Ghost x2  
  146  11:34  Missile Turret  
  146  11:35  Marine x2  
  146  11:36  Marine  
  146  11:37  Missile Turret  
  149  11:40  Terran Ship Weapons Level 1  
  149  11:43  Viking  
  151  11:50  Viking  
  151  11:53  Ghost  
  151  11:55  Marine  
  151  11:56  Ghost, Marine  
  151  12:00  Marine, Bunker  
  159  12:05  Supply Depot  
  159  12:09  Barracks Tech Lab, Supply Depot  
  159  12:13  Barracks Tech Lab  
  155  12:16  Viking  
  155  12:18  Ghost  
  155  12:22  Ghost, Barracks Reactor  
  160  12:23  Viking  
  165  12:34  Ghost  
  168  12:37  Ghost  
  168  12:43  Marauder  
  173  12:46  Supply Depot x2  
  173  12:47  Marauder  
  173  12:48  Viking  
  177  12:53  Orbital Command, Refinery  
  177  12:55  Refinery  
  177  12:57  Viking  
  179  12:58  Marauder  
  179  13:01  Marine x2  
  181  13:08  Marine x2  
  181  13:09  Viking  
  185  13:18  Sensor Tower  
  185  13:19  Missile Turret  
  183  13:27  Refinery  
  183  13:31  Marine x4  
  183  13:32  Marauder x2, Viking x2  
  183  13:33  Marauder x2, Marine  
  188  13:44  Viking  
  188  13:45  Marauder  
  190  13:53  Marauder  
  192  13:58  Command Center  
  192  14:03  Marauder, Marine  
  183  14:11  Marine x2  
  183  14:12  Marauder x2  
  183  14:13  Marine  
  183  14:16  Marauder, Marine  
  143  14:20  Viking  
  143  14:24  Viking  
  145  14:32  Ghost x2  
  145  14:35  Marauder  
  145  14:37  Marauder  
  145  14:38  Marine  
  151  14:49  Viking x2  
  151  14:50  Ghost  
  155  15:01  Marine x2  
  155  15:03  Marine  
Show
View Real Time Build Order
Export as new Build Order

herO Protoss - Winner!

Build Orders: 1 Gate Expand, Colossus Rush 

Get SALT Encoding   

  12  0:00  Probe  
  13  0:12  Probe  
  14  0:17  Pylon  
  14  0:23  Probe  
  15  0:31  Probe  
  16  0:37  Gateway  
  16  0:39  Probe  
  16  0:46  Assimilator  
  17  0:50  Probe  
  18  1:03  Probe  
  19  1:15  Probe  
  20  1:24  Cybernetics Core  
  20  1:34  Nexus  
  20  1:40  Pylon  
  20  1:42  Probe  
  21  1:49  Assimilator  
  21  1:53  Probe  
  21  1:57  Stalker  
  24  2:02  Probe  
  24  2:03  Warp Gate  
  25  2:10  Probe  
  26  2:21  Probe  
  27  2:27  Sentry  
  27  2:28  Shield Battery  
  29  2:32  Probe  
  30  2:38  Pylon  
  30  2:40  Probe  
  30  2:43  Probe  
  29  2:46  Shield Battery  
  29  2:47  Stalker  
  29  2:48  Probe  
  29  2:51  Probe  
  35  3:00  Probe  
  35  3:01  Probe  
  37  3:08  Twilight Council  
  37  3:12  Probe  
  38  3:13  Probe  
  38  3:14  Stalker  
  41  3:23  Gateway  
  41  3:25  Charge  
  41  3:34  Gateway, Probe x2  
  41  3:40  Pylon  
  43  3:46  Probe x2  
  45  3:58  Probe  
  45  3:59  Stalker, Probe  
  45  4:02  Assimilator  
  49  4:03  Assimilator  
  49  4:04  Pylon  
  49  4:06  Robotics Facility  
  49  4:11  Probe x2  
  51  4:17  Zealot  
  51  4:20  Pylon  
  51  4:22  Zealot  
  55  4:24  Probe x2  
  55  4:29  Zealot  
  59  4:34  Phoenix  
  59  4:36  Probe x2  
  61  4:41  Stalker  
  63  4:46  Zealot  
  63  4:49  Pylon  
  65  4:53  Observer  
  65  4:59  Robotics Bay  
  66  5:01  Nexus  
  66  5:10  Zealot x2  
  66  5:11  Observer  
  66  5:12  Zealot  
  73  5:16  Probe x2  
  75  5:23  Shield Battery  
  75  5:25  Blink  
  75  5:28  Probe  
  76  5:29  Observer  
  76  5:30  Probe  
  78  5:42  Pylon  
  78  5:43  Colossus  
  78  5:44  Forge  
  78  5:45  Gateway  
  78  5:48  Pylon  
  78  5:58  Extended Thermal Lance  
  78  6:01  Probe  
  78  6:03  Probe  
  82  6:05  Sentry  
  82  6:11  Stalker x2  
  82  6:13  Probe x2  
  82  6:14  Probe  
  85  6:21  Probe x2  
  84  6:26  Probe  
  84  6:30  Probe x2  
  85  6:37  Colossus  
  85  6:38  Probe x2  
  88  6:41  Protoss Ground Weapons Level 1  
  88  6:42  Probe  
  88  6:44  Forge  
  88  6:46  Probe  
  90  6:50  Probe  
  98  6:54  Probe  
  98  6:56  Probe  
  100  7:02  Probe  
  100  7:05  Zealot x2  
  100  7:06  Probe  
  100  7:08  Pylon x2  
  106  7:11  Protoss Ground Armor Level 1  
  106  7:16  Gateway  
  106  7:19  Sentry  
  106  7:22  Nexus  
  108  7:25  Colossus  
  108  7:27  Colossus, Zealot x2  
  118  7:37  Observer  
  118  7:44  Stalker x2  
  110  7:51  Gateway  
  110  7:52  Stalker  
  110  7:54  Gateway  
  111  8:00  Stalker  
  111  8:01  Probe x2  
  111  8:02  Probe  
  114  8:05  Pylon  
  114  8:11  Zealot x2  
  116  8:15  Colossus  
  111  8:23  Zealot x3  
  101  8:29  Probe x3  
  101  8:33  Stalker x2  
  98  8:42  Protoss Ground Weapons Level 2  
  98  8:43  Observer, Zealot x3  
  97  8:49  Stalker x2  
  97  8:53  Probe x4  
  97  8:55  Shield Battery  
  105  9:00  Zealot, Sentry  
  105  9:02  Colossus  
  109  9:07  Protoss Ground Armor Level 2  
  115  9:10  Zealot x2  
  115  9:11  Zealot  
  115  9:13  Sentry  
  115  9:15  Probe x2  
  125  9:21  Stalker  
  125  9:22  Stalker  
  129  9:29  Zealot  
  127  9:40  Zealot x4  
  127  9:42  Probe x2  
  127  9:43  Probe  
  130  9:45  Colossus  
  130  9:49  Probe  
  130  9:51  Observer  
  128  9:53  Stalker  
  128  9:54  Probe  
  128  9:55  Zealot x2, Probe  
  142  10:05  Observer  
  140  10:12  Stalker x3  
  144  10:17  Zealot x2  
  144  10:19  Pylon  
  147  10:26  Colossus  
  140  10:30  Zealot x2  
  142  10:39  Protoss Ground Weapons Level 3  
  118  10:46  Zealot x5  
  128  10:53  Stalker x2  
  128  10:56  Gateway  
  128  10:57  Observer  
  128  10:58  Probe x4  
  132  11:06  Zealot x4, Sentry  
  132  11:09  Protoss Ground Armor Level 3  
  132  11:10  Probe x4  
  146  11:11  Nexus  
  146  11:14  Photon Cannon  
  146  11:22  Assimilator, Probe  
  146  11:23  Shield Battery  
  146  11:24  Gateway, Zealot  
  146  11:25  Gateway  
  149  11:34  Nexus  
  149  11:35  Pylon  
  149  11:37  Colossus  
  155  11:53  Pylon x3  
  155  11:58  Pylon x2  
  155  12:00  Stalker  
  155  12:04  Shield Battery  
  155  12:06  Photon Cannon  
  155  12:07  Stalker x2  
  157  12:20  Robotics Facility  
  157  12:21  Zealot x4, Pylon  
  163  12:25  Observer  
  163  12:26  Dark Shrine  
  163  12:30  Disruptor  
  169  12:42  Pylon  
  167  12:45  Zealot x6  
  167  12:48  Sentry  
  181  12:51  Pylon  
  181  12:53  Probe x2  
  181  12:54  Probe x2  
  184  13:04  Pylon  
  184  13:05  Probe  
  185  13:06  Zealot x7  
  199  13:14  Observer  
  198  13:23  Zealot  
  198  13:24  Zealot x2  
  184  13:32  Stalker x2, Zealot x5  
  184  13:44  Sentry x3  
  190  13:51  Gateway  
  190  13:54  Gateway, Zealot x5  
  200  14:02  Disruptor  
  200  14:05  Nexus  
  198  14:11  Disruptor  
  162  14:20  Zealot x10  
  177  14:30  Photon Cannon  
  177  14:32  Photon Cannon  
  177  14:33  Photon Cannon  
  177  14:35  Shield Battery, Disruptor  
  177  14:36  Pylon  
  181  14:40  Nexus  
  179  14:50  Zealot x10  
  189  15:11  Zealot  
  189  15:12  Zealot x8  
  189  15:13  Zealot  
Tags
 
Add a new tag
Caveats
  • Supply blocks, unpowered buildings, or Contaminate may cause inaccurate times.
  • Supply counts are checked every 10 seconds.